 Dungeon Crawl Stone Soup version 0.25-a0-942-g87a5396 (webtiles) character file.

Game seed: 2598593782621187474, levelgen mode: deterministic

5 DrEnzyme the Magician (level 1, 0/12 HPs)
             Began as a Kobold Wanderer on May 6, 2020.
             Slain by a jackal (1 damage)
             ... on level 1 of the Dungeon.
             The game lasted 00:00:55 (541 turns).

DrEnzyme the Magician (Kobold Wanderer)              Turns: 541, Time: 00:00:55

Health: 0/12       AC:  2    Str: 12    XL:     1   Next: 88%
Magic:  4/4        EV: 13    Int: 11    God:
Gold:   16         SH:  0    Dex: 13    Spells: 5/6 levels left

rFire    . . .     SeeInvis .   a - +0 dagger
rCold    . . .     Gourm    .   (shield restricted)
rNeg     . . .     Faith    .   d - +0 robe
rPois    .         Spirit   .   (no helmet)
rElec    .         Reflect  .   (no cloak)
rCorr    .         Harm     .   (no gloves)
MR       .....                  (no boots)
Stlth    ++........             (no amulet)
HPRegen  0.04/turn              (no ring)
MPRegen  0.09/turn              (no ring)

@: no status effects
A: small, carnivore
a: no special abilities


You were on level 1 of the Dungeon.
You were completely stuffed.

You visited 1 branch of the dungeon, and saw 1 of its levels.

You collected 16 gold pieces.

Inventory:

Hand Weapons
 a - a +0 dagger (weapon)
Missiles
 b - 11 poisoned darts (quivered)
Armour
 d - a +0 robe (worn)
Comestibles
 f - a ration


   Skills:
 + Level 1.1 Fighting
 * Level 0.4 Short Blades
   Level 1.2 Crossbows
 - Level 1.1 Throwing
 - Level 2.4 Armour
 * Level 0.3 Dodging
 * Level 2.2 Stealth
 - Level 3.2 Spellcasting


You had 5 spell levels left.
You knew the following spells:

 Your Spells              Type           Power        Failure   Level  Hunger
a - Magic Dart            Conj           #...         26%         1    #......

Your spell library contained the following spells:

 Spells                   Type           Power        Failure   Level  Hunger
 Blink                    Tloc           N/A          36%         2    ###....
 Call Imp                 Summ           #.......     36%         2    ###....
 Slow                     Hex            #.......     36%         2    ###....
 Conjure Flame            Conj/Fire      #.......     61%         3    ###....
 Mephitic Cloud           Conj/Pois/Air  #.......     61%         3    ###....


Dungeon Overview and Level Annotations

Branches:
Dungeon (1/15)

Altars:


Innate Abilities, Weirdness & Mutations

You are small and have problems with some larger weapons.
You are carnivorous and can eat meat at any time.


Message History

You hit the jackal but do no damage.
The jackal is almost dead.
The jackal closely misses you.
You miss the jackal.
The jackal is almost dead.
The jackal bites you.
* * * LOW HITPOINT WARNING * * *
You hit the jackal.
You kill the jackal!
You miss the jackal.
The jackal is lightly wounded.
The jackal closely misses you. The jackal bites you.
* * * LOW HITPOINT WARNING * * *
You hit the jackal.
The jackal is heavily wounded.
The jackal barely misses you.
You barely miss the jackal.
The jackal is heavily wounded.
The jackal bites you.
You die...

.##'###
#.#
.##.#
#.#
.##.##
#.#
.###.#
#.#
.###'#
#.#
.#...#
#.#
.#.).#
#.#
.#.>.#
#.#
#...#
#@#
#...#
#h#
#...#
#h#
#####
#h# #.#
#.# #.#
#.# #.#


You could see 3 jackals.

Vanquished Creatures
  A goblin (D:1)
  A hobgoblin (D:1)
  A jackal (D:1)
  A bat (D:1)
  A rat (D:1)
5 creatures vanquished.

Notes
Turn   | Place    | Note
-------+----------+-------------------------------------------
     0 | D:1      | DrEnzyme the Kobold Wanderer began the quest for the Orb.
     0 | D:1      | DrEnzyme set off with the following items: a +0 dagger, 11
                  | poisoned darts, a +0 robe, a ration; and the following
                  | spell memorised: Magic Dart; and the following spells
                  | available to memorise: Blink, Call Imp, Slow, Conjure
                  | Flame, Mephitic Cloud
     0 | D:1      | Reached XP level 1. HP: 12/12 MP: 4/4
   541 | D:1      | Slain by a jackal

Levels and vault maps discovered:
D:1:      dpeg_arrival_connections, layout_basic

Skill      XL: |  1 |
---------------+----+-----
Stealth        | 2 |  2.2
Fighting       | |  1.1
Short Blades   | |  0.4
Crossbows      | |  1.2
Throwing       | |  1.1
Armour         | |  2.4
Dodging        | |  0.3
Spellcasting   | |  3.2

Action                   || total
-------------------------++-------
Melee: Dagger            ||    29
  Use: Scroll            ||     1
  Eat: Chunk             ||     7
Armor: Robe              ||     4
Dodge: Dodged            ||    21

Table legend:
 A = Non-vault XP
 B = Vault XP
 C = Vault XP percentage of total XP
 D = Non-vault monster count
 E = Vault monster count
 F = Vault count percentage of total count
                 A         B        C        D         E       F
            +---------+---------+-------+---------+---------+-------
      Total |       8 |       0 |   0.0 |       5 |       0 |   0.0
            +---------+---------+-------+---------+---------+-------
        D:1 |       8 |       0 |   0.0 |       5 |       0 |   0.0
            +---------+---------+-------+---------+---------+-------
